 Dungeon Crawl Stone Soup version 0.24-a0-530-g18ba70b503 (webtiles) character file.

Game seed: 4844606337678185750

56 Mithandil the Conjurer (level 3, -7/20 HPs)
             Began as a Tengu Conjurer on Aug 9, 2019.
             Killed from afar by Sigmund (8 damage)
             ... with a magic dart
             ... on level 2 of the Dungeon.
             The game lasted 00:07:26 (1171 turns).

Mithandil the Conjurer (Tengu Conjurer)             Turns: 1171, Time: 00:07:27

Health: -7/20      AC:  3    Str: 13    XL:     3   Next: 97%
Magic:  3/8        EV: 12    Int: 15    God:
Gold:   59         SH:  0    Dex: 14    Spells: 4/7 levels left

rFire    . . .     SeeInvis .   e - +0 dagger
rCold    . . .     Gourm    .   (no shield)
rNeg     . . .     Faith    .   n - +0 leather armour
rPois    .         Spirit   .   (helmet restricted)
rElec    .         Reflect  .   (no cloak)
rCorr    .         Harm     .   (no gloves)
MR       .....                  (boots unavailable)
Stlth    +.........             (no amulet)
HPRegen  0.06/turn              l - +4 ring of strength
MPRegen  0.11/turn              (no ring)

@: confused
A: beak, talons 3
a: no special abilities


You were on level 2 of the Dungeon.
You were not hungry.

You visited 1 branch of the dungeon, and saw 2 of its levels.

You collected 59 gold pieces.

Inventory:

Hand Weapons
 e - a +0 dagger (weapon)
Missiles
 f - 14 stones (quivered)
Armour
 n - a +0 leather armour (worn)
Jewellery
 l - a +4 ring of strength (left hand)
Scrolls
 d - a scroll of magic mapping {unknown}
 g - a scroll of identify {unknown}
 h - a scroll of enchant armour {unknown}
 i - 3 scrolls of remove curse {unknown}
 j - a scroll of immolation {unknown}
 k - a scroll of teleportation {unknown}
Potions
 b - a potion of might
 m - a potion of magic
Comestibles
 c - 3 rations


   Skills:
 + Level 1.0 Fighting
 + Level 2.5 Dodging
 + Level 2.4 Stealth
 * Level 2.7 Spellcasting
 * Level 5.9 Conjurations


You had 4 spell levels left.
You knew the following spells:

 Your Spells              Type           Power        Failure   Level  Hunger
a - Magic Dart            Conj           ###.         2%          1    #......
b - Searing Ray           Conj           ###...       3%          2    ##.....

Your spell library contained the following spells:

 Spells                   Type           Power        Failure   Level  Hunger
 Iskenderun's Mystic Bla  Conj           ###.....     22%         4    #####..
 Dazzling Spray           Conj/Hex       ##....       24%         3    ###....
 Force Lance              Conj/Tloc      ##......     61%         4    #####..
 Fulminant Prism          Conj/Hex       ##........   61%         4    #####..


Dungeon Overview and Level Annotations

Branches:
Dungeon (2/15)

Altars:

Annotations:
D:2 Sigmund


Innate Abilities, Weirdness & Mutations

You have a beak for a mouth.
You have claws for feet.


Message History

You are confused.
You bump into the rock wall.
You bump into the rock wall.
Something hits you.
You bump into the rock wall.
Something hits you!
You bump into the rock wall.
You feel less confused. Something hits you.
* * * LOW HITPOINT WARNING * * *
Something hits you.
* * * LOW HITPOINT WARNING * * *
Your magical contamination has completely faded away.
You enter the shallow water.
Moving in this stuff is going to be slow.
Sigmund appears from thin air!
Reactivating autopickup.
Sigmund points at you and mumbles some strange words.
You are confused.
Sigmund casts a spell at you. The magic dart hits you!
You die...

#.#.#.##.#..≈≈≈≈≈≈≈≈≈.≈#..#
#.#.#.##.#≈≈≈≈≈.≈≈≈≈≈.≈###.#
#........#.≈≈≈≈≈_.≈≈≈≈≈# .#
#.#.#.####..≈≈≈≈..≈≈≈.≈# #
#...#.# #≈≈≈≈≈≈≈≈≈≈≈..# #.###.#
#.≈≈≈≈≈≈≈≈≈≈.≈# #.# #.#
#≈.≈≈≈≈≈≈≈≈≈.≈# #.# #.#
#..≈..≈≈.≈..≈.# #.###.##
#.≈..@...≈≈.≈.# ##[##...#
#########@.#####
#.......###########..###.#######
#.....................##.........
##...########.#.####.####.# ##.##
#.............# ###
###############


You could see Sigmund.

Vanquished Creatures
  2 adders (D:2)
  An ooze (D:1)
  A worm (D:2)
  A bat (D:1)
  3 giant cockroaches
  4 goblins
  5 hobgoblins
  3 jackals (D:1)
  2 kobolds (D:1)
  4 frilled lizards (D:1)
  3 rats
29 creatures vanquished.

Notes
Turn   | Place    | Note
-------+----------+-------------------------------------------
     0 | D:1      | Mithandil the Tengu Conjurer began the quest for the Orb.
     0 | D:1      | Reached XP level 1. HP: 10/10 MP: 4/4
    70 | D:1      | Reached XP level 2. HP: 8/16 MP: 1/6
   525 | D:1      | Reached XP level 3. HP: 16/20 MP: 5/7
   529 | D:1      | Learned a level 2 spell: Searing Ray
   975 | D:2      | Found a faded altar of an unknown god.
  1146 | D:2      | Noticed Sigmund
  1150 | D:2      | Reached skill level 1 in Fighting
  1164 | D:2      | HP: 1/20 [something (4)]
  1171 | D:2      | Killed from afar by Sigmund

Levels and vault maps discovered:
D:1:      kennysheep_arrival_forest, layout_rooms, minmay_tromino_v7
D:2:      layout_loops_ring, minitemple, chequers_ecumenical_altar_island,
          chequers_serial_rivers_room_a, kennysheep_generic_room_2, uniq_sigmund

Skill      XL: |  1  2  3 |
---------------+----------+-----
Fighting       | 1 |  1.0
Dodging        | |  2.5
Stealth        | |  2.4
Spellcasting   | |  2.7
Conjurations   | |  5.9

Action                   || total
-------------------------++-------
Melee: Unarmed           ||    15
       Kick              ||    10
       Peck              ||     8
       Dagger            ||    21
 Cast: Magic Dart        ||    41
       Searing Ray       ||     1
  Use: Potion            ||     4
 Stab: Sleeping          ||     3
  Eat: Chunk             ||     1
Armor: Robe              ||     6
       Leather armour    ||     2
Dodge: Dodged            ||    23

Table legend:
 A = Non-vault XP
 B = Vault XP
 C = Vault XP percentage of total XP
 D = Non-vault monster count
 E = Vault monster count
 F = Vault count percentage of total count
                 A         B        C        D         E       F
            +---------+---------+-------+---------+---------+-------
      Total |      70 |      11 |  13.6 |      26 |       3 |  10.3
            +---------+---------+-------+---------+---------+-------
        D:1 |      31 |      11 |  26.2 |      19 |       3 |  13.6
        D:2 |      39 |       0 |   0.0 |       7 |       0 |   0.0
            +---------+---------+-------+---------+---------+-------
